 Dungeon Crawl Stone Soup version 0.30.1-11-g7821555f0a (webtiles) character file.

Game seed: 15925548194579580229

90 porpoise the Chopper (level 4, -16/41 HPs)
             Began as a Minotaur Cinder Acolyte on Dec 12, 2023.
             Was a High Priest of Ignis.
             Demolished by Pikel
             ... wielding a +2 whip of electrocution
              (20 damage)
             ... on level 3 of the Dungeon.
             The game lasted 00:05:27 (2187 turns).

porpoise the Chopper (Minotaur Cinder Acolyte)      Turns: 2187, Time: 00:05:29

Health: -16/41     AC: 10    Str: 20    XL:     4   Next: 32%
Magic:  4/4        EV:  9    Int: 11    God:    Ignis [*****.]
Gold:   1056       SH:  0    Dex: 11    Spells: 5/5 levels left

rFire   + . .        a - -1 hand axe (flame)
rCold   + . .        (no shield)
rNeg    + . .        l - +0 scale mail
rPois   .            (helmet restricted)
rElec   .            (no cloak)
rCorr   .            k - +1 pair of gloves
SInv    .            q - +1 pair of boots of the Elven Halls {rC+ rN+ Dex+5}
Will    .....        (no amulet) Stlth
                     (no ring)
HPRegen 0.26/turn    (no ring)
MPRegen 0.09/turn

%: no passive effects
@: no status effects
A: horns 2, retaliatory headbutt
a: Renounce Religion, Fiery Armour, Foxfire Swarm, Rising Flame


You were on level 3 of the Dungeon.
You worshipped Ignis.
Ignis was extremely pleased with you.
You visited 1 branch of the dungeon, and saw 4 of its levels.

You collected 1056 gold pieces.

Inventory:

Hand Weapons
 a - a -1 hand axe of flaming (weapon)
 b - a +0 sling
Missiles
 g - 4 boomerangs of dispersal (quivered)
 w - 3 poisoned darts
Armour
 k - a +1 pair of gloves (worn)
 l - a +0 scale mail (worn)
 q - the +1 pair of boots of the Elven Halls (worn) {rC+ rN+ Dex+5}
   (You acquired it on level 3 of the Dungeon)

   Dex:       It affects your dexterity (+5).
   rC:        It protects you from cold.
   rN:        It protects you from negative energy.
Jewellery
 e - a +6 ring of intelligence
Wands
 t - a wand of roots (4)
Scrolls
 c - a scroll of vulnerability {unknown}
 f - a scroll of teleportation {unknown}
 i - a scroll of silence {unknown}
 m - a scroll of enchant weapon {unknown}
 n - a scroll of enchant armour
 o - 2 scrolls of identify {unknown}
 v - a scroll of poison {unknown}
Potions
 d - a potion of flight {unknown}
 h - a potion of magic {unknown}
 j - 2 potions of heal wounds {unknown}
 p - 2 potions of attraction {unknown}
 r - a potion of haste {unknown}
 s - a potion of cancellation {unknown}
 u - 2 potions of mutation {unknown}
 x - a potion of berserk rage {unknown}


   Skills:
 + Level 4.6 Fighting
 * Level 5.5 Axes
 - Level 1.0 Spellcasting
 - Level 2.1 Fire Magic


You had 5 spell levels left.
You didn't know any spells.
Your spell library contained the following spells:

 Spells                   Type           Power      Damage    Failure   Level
 Scorch                   Fire           10%        2d5       52%         2
 Cigotuvi's Dreadful Rot  Necr/Pois/Air  0%         N/A       82%         2
 Ignite Poison            Fire/Tmut/Pois 2%         N/A       91%         3
 Ozocubu's Armour         Ice            0%         N/A       96%         3
 Freezing Cloud           Conj/Ice/Air   0%         6-21      100%        5
 Metabolic Englaciation   Hex/Ice        0%         N/A       100%        5
 Simulacrum               Ice/Necr       0%         N/A       100%        6


Dungeon Overview and Level Annotations

Branches:
Dungeon (4/15)
 Temple: D:4-7

Altars:
Okawaru

Annotations:
D:3 Pikel


Innate Abilities, Weirdness & Mutations

You have a pair of horns on your head.
You reflexively headbutt those who attack you in melee.


Message History

You shoot a sling bullet. The sling bullet barely misses Pikel.
The ball python hisses angrily.
The sling bullet hits the lemure.
The lemure is lightly wounded.
Pikel hits you with a +2 whip of electrocution.
The lemure misses you.
Pikel hits you with a +2 whip of electrocution.
You climb upwards.
There is a stone staircase leading down here.
You shoot a sling bullet.
The sling bullet completely misses Pikel.
Pikel hits you with a +2 whip of electrocution!
The lemure hits you.
Your -1 hand axe of flaming bursts into flame!
a - a -1 hand axe of flaming (weapon)
Pikel hits you with a +2 whip of electrocution!
The lemure hits you but does no damage.
You barely miss Pikel. You hit the lemure. You burn the lemure.
Pikel hits you with a +2 whip of electrocution.
The lemure closely misses you.
You hit Pikel but do no damage. You closely miss the lemure.
Pikel hits you with a +2 whip of electrocution.
* * * LOW HITPOINT WARNING * * *
The lemure hits you but does no damage.
You hit Pikel. You burn Pikel.
Pikel is lightly wounded.
You hit the lemure. You burn the lemure. Pikel hits you but does no damage.
The lemure barely misses you. You furiously retaliate!
You headbutt the lemure. You hit Pikel. You burn Pikel.
Pikel is lightly wounded.
You closely miss the lemure. Pikel hits you but does no damage.
The lemure hits you!
* * * LOW HITPOINT WARNING * * *
You hit Pikel. You burn Pikel.
Pikel is moderately wounded.
You completely miss the lemure.
Pikel hits you with a +2 whip of electrocution.
* * * LOW HITPOINT WARNING * * *
You are electrocuted!!
You die...

#.....# #.#........#
#.........
#####.###......#####
#......... # #...###....#
###.####.### #
###.###....# ##...# #.#
#........# ##..#.# #.#
#####.....#####..##.# ##.#
#...................# #..#
#.###....#.K###.#...###.##
#.# ######.@5...#...##..#
#.# ########.#....## #.#
#.#.#### #.# #.#.# #.#
#.#.##### #.# #.......#
#.# ###.###.# #.# #.# #.#
#.### #.# #.#


You could see Pikel and a lemure.

Vanquished Creatures
  3 adders
  3 dart slugs
  6 bats
  6 endoplasms
  2 giant cockroaches
  A goblin (D:2)
  3 hobgoblins (D:1)
  9 jackals
  2 quokkas
  6 ball pythons
  A frilled lizard (D:3)
  7 kobolds
  5 rats
54 creatures vanquished.

Notes
Turn   | Place    | Note
-------+----------+-------------------------------------------
     0 | D:1      | porpoise the Minotaur Cinder Acolyte began the quest for
                  | the Orb.
     0 | D:1      | Reached XP level 1. HP: 19/19 MP: 1/1
   129 | D:1      | Reached skill level 4 in Axes
   204 | D:1      | Reached XP level 2. HP: 27/27 MP: 2/2
   305 | D:1      | Found a faded altar of an unknown god.
   370 | D:1      | HP: 1/27 [jackal (2)]
   885 | D:1      | Reached XP level 3. HP: 33/33 MP: 3/3
  1157 | D:2      | Reached skill level 5 in Axes
  1333 | D:2      | Reached XP level 4. HP: 37/41 MP: 4/4
  1657 | D:3      | Identified 2 scrolls of acquirement
  1657 | D:3      | Acquired 925 gold pieces
  1659 | D:3      | Acquired the +1 pair of boots of the Elven Halls {rC+ rN+
                  | Dex+5}
  1842 | D:3      | Found an iron altar of Okawaru.
  2173 | D:4      | Noticed Pikel
  2173 | D:4      | Noticed a lemure
  2175 | D:4      | Noticed a lemure
  2175 | D:4      | Noticed a lemure
  2175 | D:4      | Noticed a lemure
  2187 | D:3      | Demolished by Pikel

Illustrated notes

Levels and vault maps discovered:
D:1:      minmay_arrival_loop, layout_basic,
          hellmonk_ecumenical_altar_prayer_group
D:2:      layout_rooms, chequers_decorated_corner
D:3:      wander_river, layout_basic, okawaru_gym_becter
D:4:      kennysheep_six_static_rooms, layout_rooms,
          nicolae_overflow_crystal_walls, mainiacjoe_overflow_catwalk,
          interstate_on_off, minmay_lizard_king, uniq_pikel

Skill      XL: |  1  2  3 |
---------------+----------+-----
Axes           | 4 5 |  5.5
Fighting       | 4 |  4.6
Spellcasting   | |  1.0
Fire Magic     | |  2.1

Action                     |  1- 3 |  4- 6 || total
---------------------------+-------+-------++-------
  Melee: Hand axe          |    93 |    18 ||   111
         Headbutt          |     4 |     2 ||     6
         Punch             |     1 |       ||     1
   Fire: Sling             |     7 |    30 ||    37
    Use: Scroll            |       |     3 ||     3
 Armour: Robe              |     9 |       ||     9
         Leather armour    |     6 |       ||     6
         Scale mail        |    10 |    16 ||    26
  Dodge: Dodged            |    58 |    16 ||    74
